 Dungeon Crawl Stone Soup version 0.26-a0-660-gc07710193c (webtiles) character file.

Game seed: 8911205674605731868

342164 heikuro the Schismatic (level 23, -3/190 HPs)
             Began as a Formicid Abyssal Knight on Oct 6, 2020.
             Was an Elder of Lugonu.
             Slain by a rust devil (7 damage)
             ... summoned by a deep elf demonologist
             ... on level 3 of the Elven Halls.
             The game lasted 03:11:44 (71592 turns).

heikuro the Schismatic (Formicid Abyssal Knight)   Turns: 71592, Time: 03:11:44

Health: -3/190     AC: 26    Str: 30    XL:     23   Next: 2%
Magic:  31/32      EV:  4    Int: 13    God:    Lugonu [****..]
Gold:   2580       SH: 39    Dex: 22    Spells: 22/22 levels left

rFire    . . .     SeeInvis +   b - +8 bardiche of Vodka {holy, Dex+6}
rCold    . . .     Faith    .   M - +18 shield of the Gong {rElec rN+ MR+ EV-5}
rNeg     + + +     Spirit   .   y - +4 plate armour of Qaicoarch {*Drain rN+++ Regen+ Stlth+}
rPois    .         Reflect  +   (helmet unavailable)
rElec    +         Harm     .   R - +2 cloak {MR+}
rCorr    .         Rampage  .   J - +2 pair of gloves
MR       ++++.                  E - +0 pair of boots
Stlth    ..........             c - amulet of reflection
HPRegen  0.81/turn              a - +6 ring of dexterity
MPRegen  0.23/turn              Z - +6 ring of strength

@: no status effects
A: permanent stasis, dig shafts and tunnels, four strong arms, antennae 3,
deformed body, low mp 1, weak 1
}: 2/15 runes: serpentine, barnacled
a: Dig, Shaft Self, Depart the Abyss, Bend Space, Banish, Corrupt, Renounce
Religion


You were on level 3 of the Elven Halls.
You worshipped Lugonu.
Lugonu was greatly pleased with you.
You visited 8 branches of the dungeon, and saw 36 of its levels.
You visited the Abyss 4 times.
You visited 1 bazaar.
You also visited: Gauntlet, Ice Cave and Wizlab.

You collected 5263 gold pieces.
You spent 2683 gold pieces at shops.

Inventory:

Hand Weapons
 b - the +8 bardiche of Vodka (weapon) {holy, Dex+6}
   (You took it off a deep elf mage on level 1 of the Elven Halls)

   It has been blessed by the Shining One to cause great damage to the undead
   and demons.
   It affects your dexterity (+6).
 o - a +0 trident of distortion
 U - the +4 demon trident of Welfare {flame, *Slow rPois Dex+9}
   (You acquired it on level 1 of the Elven Halls)

   It has been specially enchanted to burn those struck by it, causing extra
   injury to most foes and up to half again as much damage against particularly
   susceptible opponents.
   It affects your dexterity (+9).
   It protects you from poison.
   It may slow you when you take damage.
Missiles
 k - 7 throwing nets (quivered)
 r - 86 silver javelins
Armour
 u - a +0 cloak of cold resistance
 v - +4 storm dragon scales {Bai Suzhen}
 y - the +4 plate armour of Qaicoarch (worn) {*Drain rN+++ Regen+ Stlth+}
   (You bought it in a shop in a bazaar)

   It renders you almost immune to negative energy.
   It increases your rate of regeneration.
   It causes draining when unequipped.
   It makes you more stealthy.
 E - a +0 pair of boots (worn)
 G - a +0 tower shield
 J - a +2 pair of gloves (worn)
 M - the +18 shield of the Gong (worn) {rElec rN+ MR+ EV-5}
   (You acquired it on level 1 of the Abyss)

   It affects your evasion (-5).
   It insulates you from electricity.
   It protects you from negative energy.
   It affects your resistance to hostile enchantments.
 R - a +2 cloak of magic resistance (worn)
Jewellery
 a - a +6 ring of dexterity (left hand)
 c - an amulet of reflection (around neck)
 q - an uncursed ring of resist corrosion
 O - a +4 ring of protection
 Q - an uncursed ring of ice
 T - an uncursed ring of fire
 Y - an uncursed ring of flight
 Z - a +6 ring of strength (right hand)
Wands
 g - a wand of flame (25)
 z - a wand of digging (41)
 C - a wand of paralysis (7)
 D - a wand of enslavement (9)
 N - a wand of acid (37)
 P - a wand of iceblast (71)
 S - a wand of polymorph (25)
 X - a wand of disintegration (21)
Scrolls
 d - 6 scrolls of enchant weapon
 e - 21 scrolls of remove curse
 f - 4 scrolls of fear
 h - 2 scrolls of brand weapon
 n - 15 scrolls of identify
 s - a scroll of summoning
 t - 6 scrolls of fog
 A - a scroll of holy word
 I - 4 scrolls of enchant armour
 K - 6 scrolls of immolation
 L - 5 scrolls of magic mapping
Potions
 i - 3 potions of invisibility
 j - 10 potions of lignification
 m - 5 potions of stabbing
 w - 11 potions of curing
 x - 5 potions of resistance
 B - 3 potions of cancellation
 F - 2 potions of ambrosia
 H - 8 potions of flight
 W - a potion of might
Miscellaneous
 l - a box of beasts (3/3)
 p - a phantom mirror
 V - a condenser vane (1/2)


   Skills:
 + Level 18.0 Fighting
 * Level 17.8 Polearms
   Level 5.0 Slings
 + Level 17.9 Armour
 - Level 1.0 Dodging
 - Level 15.0 Shields
 + Level 19.2 Invocations
 + Level 14.0 Evocations


You had 22 spell levels left.
You didn't know any spells.
Your spell library contained the following spells:

 Spells                   Type           Power        Failure   Level
 Animate Skeleton         Necr           #.....       80%         1
 Apportation              Tloc           #.....       80%         1
 Corona                   Hex            #......      80%         1
 Foxfire                  Conj/Fire      #...         80%         1
 Magic Dart               Conj           #...         80%         1
 Pain                     Necr           #...         80%         1
 Sting                    Tmut/Pois      #...         80%         1
 Summon Small Mammal      Summ           #...         80%         1
 Call Imp                 Summ           #.......     91%         2
 Poisonous Vapours        Pois/Air       #.....       91%         2
 Searing Ray              Conj           #.....       91%         2
 Sublimation of Blood     Necr           #.........   91%         2
 Call Canine Familiar     Summ           #.......     99%         3
 Conjure Flame            Conj/Fire      #.......     99%         3
 Dazzling Flash           Conj/Hex       #.....       99%         3
 Gell's Gravitas          Tloc           #.........   99%         3
 Ignite Poison            Fire/Tmut/Pois #.......     99%         3
 Inner Flame              Hex/Fire       #.......     99%         3
 Lesser Beckoning         Tloc           #.........   99%         3
 Mephitic Cloud           Conj/Pois/Air  #.......     99%         3
 Portal Projectile        Hex/Tloc       #.....       99%         3
 Summon Guardian Golem    Hex/Summ       #.......     99%         3
 Teleport Other           Tloc           #.......     99%         3
 Vampiric Draining        Necr           #.........   99%         3
 Animate Dead             Necr           #.........   100%        4
 Fulminant Prism          Conj/Hex       #.........   100%        4
 Iskenderun's Mystic Bla  Conj/Tloc      #.......     100%        4
 Olgreb's Toxic Radiance  Pois           #.......     100%        4
 Passage of Golubria      Tloc           N/A          100%        4
 Petrify                  Tmut/Erth      #.......     100%        4
 Sticky Flame             Conj/Fire      #.......     100%        4
 Summon Ice Beast         Ice/Summ       #.......     100%        4
 Summon Lightning Spire   Summ/Air       #.......     100%        4
 Agony                    Necr           #.......     100%        5
 Alistair's Intoxication  Tmut/Pois      #........    100%        5
 Fireball                 Conj/Fire      #.........   100%        5
 Irradiate                Conj/Tmut      #.........   100%        5
 Silence                  Hex/Air        #.........   100%        5
 Summon Forest            Summ/Tloc      #.........   100%        5
 Conjure Ball Lightning   Conj/Air       #.........   100%        6
 Dispersal                Tloc           #.........   100%        6
 Eringya's Noxious Bog    Tmut/Pois      #.........   100%        6
 Tornado                  Air            #.........   100%        9
 Blink                    Tloc           Unusable     N/A         2

Dungeon Overview and Level Annotations

Branches:
Dungeon (15/15)            Temple (1/1) D:5            Lair (6/6) D:9
 Shoals (4/4) Lair:2        Snake (4/4) Lair:3        Slime (0/5) Lair:5
    Orc (2/2) D:11            Elf (3/3) Orc:2        Vaults (1/5) D:14
 Depths (0/5) D:15          IceCv (visited)          WizLab (visited)
Gauntlet (visited)

Altars:
Ashenzari
Cheibriados
Dithmenos
Elyvilon
Fedhas
Gozag
Hepliaklqana
Kikubaaqudgha
Makhleb
Nemelex Xobeh
Okawaru
Qazlal
Ru
Sif Muna
Trog
Uskayaw
Vehumet
Wu Jian
Xom
Yredelemnul
Zin
The Shining One

Shops:
D:5 *   D:8 }   D:9 ?   Orc:2 *[![   Shoals:3 ?

Annotations:
D:2 exclusion: downstairs
Shoals:2 3 runed translucent doors, archon2's ghost, adept DEFE
Elf:2 3 runed translucent doors


Innate Abilities, Weirdness & Mutations

You cannot be hasted, slowed, berserked, paralysed or teleported.
You can dig through walls and to a lower floor.
Your four strong arms can wield two-handed weapons with a shield.
You have a pair of large antennae on your head. (SInv)
Armour fits poorly on your strangely shaped body.
Your magical capacity is low. (-10% MP)
You are weak. (Str -2)


Message History

The deep elf sorcerer looks frightened!
The deep elf elementalist looks frightened!
The deep elf demonologist resists with almost no effort.
The deep elf mage looks frightened!
The deep elf elementalist hits you but does no damage.
The deep elf master archer shoots an arrow.
GONNNNG!
You reflect the arrow off an invisible shield around you!
The arrow hits the deep elf master archer!!
You kill the deep elf master archer!
Lugonu accepts your kill.
You block the deep elf sorcerer's attack.
GONNNNG!
A deep elf high priest comes into view. It is wielding a +0 scimitar.
You block the deep elf elementalist's attack.
BOUMMMMG!
The deep elf demonologist casts a spell.
The deep elf mage mumbles some strange words.
The deep elf mage blinks!
The rust devil hits you!
You die...

#.##..).#.......#*
#.##....#.......#
#.#........(....##
#.#......#.......#
#
#.##.###########.##
###.##.# ##...#
.##.##.# ##...##**
#.#.##.*
##eee##*,**
##..#.#*
#.3@##*,,,** ##.#.#
**##ee4#,,,,,**
#...##
*,*##eeee{,,,,*
##...#
*,,*##4.ee.,,{* *
##..#
*,,,**#e.....,*
**##...#
**,,,**......**
,##{#)##
**,,,,....e#*
,#{##.#*
**,,,..e.##
.{{.)..#
*,,***,,,**


You could see a deep elf annihilator, a deep elf death mage, 2 deep elf
sorcerers, 4 deep elf elementalists, 4 deep elf demonologists, a deep elf high
priest (wandering), an ice devil (summoned), a rust devil (summoned), a deep elf
mage (fleeing) and a sixfirhy (summoned).

Vanquished Creatures
  Bai Suzhen (Snake:3)
  Vashnia (Snake:3)
  A bone dragon (Abyss:1)
  Jorgrun (Snake:3)
  A tentacled monstrosity (WizLab)
  A deep elf master archer (Elf:3)
  An Executioner (Abyss:1)
  7 tentacled starspawn
  A kraken (Shoals:1)
  Kirke (Elf:1)
  Donald (Elf:2)
  Ilsuiw (Shoals:3)
  6 nagarajas
  Roxanne (Shoals:3)
  A frost giant (Shoals:3)
  3 deep elf sorcerers
  A balrug (Abyss:1)
  The ghost of timneilson the Blocker, a journeyman DDFi of Makhleb (Lair:6)
  A stone giant (Orc:1)
  2 very ugly things (Abyss:1)
  3 deep elf demonologists
  A white draconian (WizLab)
  A minotaur (Gauntlet)
  A deep elf annihilator (Elf:3)
  Nessos (Lair:5)
  The ghost of robertstho the Cruncher, a journeyman GnIE of Sif Muna (Lair:5)
  An eidolon (WizLab)
  2 deep elf death magi (Elf:2)
  6 merfolk javelineers
  14 merfolk impalers
  A fire dragon (Lair:6)
  Erolcha (D:9)
  4 boulder beetles
  11 hydras
  19 naga warriors
  13 anacondas
  An alligator (shapeshifter) (Abyss:1)
  7 merfolk avatars
  4 centaur warriors
  5 satyrs
  12 death yaks
  14 dancing weapons
  5 merfolk aquamancers
  4 two-headed ogres
  An alligator snapping turtle (Shoals:1)
  5 thrashing horrors
  Urug (Lair:3)
  11 shock serpents
  10 deep elf knights
  7 orc high priests
  Sonja (Abyss:1)
  2 sun demons (Abyss:1)
  16 naga sharpshooters
  A soul eater (Abyss:1)
  6 salamander mystics
  4 wretched stars (Abyss:1)
  13 sea snakes
  A sixfirhy (WizLab)
  A hell knight (Elf:2)
  2 shadow demons
  3 skeletal warriors (D:12)
  An unseen horror (WizLab)
  An obsidian statue (WizLab)
  A spatial maelstrom (Abyss:1)
  A glowing orange brain (Abyss:1)
  31 starcursed masses (Abyss:1)
  An orange crystal statue (Gauntlet)
  11 deep elf archers
  6 wizards
  6 lindwurms
  6 naga ritualists
  18 harpies
  An orb spider (shapeshifter) (Elf:1)
  2 necromancers
  A shadow dragon zombie (Abyss:1)
  A wolf spider (Lair:6)
  8 fauns
  15 mana vipers
  5 orc knights
  5 orc sorcerers
  4 cyclopes
  8 ugly things
  10 large abominations (Abyss:1)
  17 manticores
  55 deep elf magi
  12 salamanders
  5 worldbinders
  3 apocalypse crabs (Abyss:1)
  6 water nymphs
  Joseph (Abyss:1)
  17 elephants
  3 orange demons
  10 guardian serpents
  3 centaur zombies
  8 merfolk sirens
  16 naga magi
  A molten gargoyle (D:15)
  44 black mambas
  5 torpor snails (Lair:6)
  20 cane toads
  2 gargoyles
  3 smoke demons
  An ice statue (Snake:4)
  A kobold demonologist (D:11)
  A yaktaur (Shoals:1)
  9 rime drakes
  5 komodo dragons
  4 ancient zymes
  2 efreet (Abyss:1)
  13 freezing wraiths
  A hellwing (Abyss:1)
  A yaktaur (shapeshifter) (D:15)
  3 red devils (Abyss:1)
  An ice devil (WizLab)
  12 hornets
  A wolf spider simulacrum (D:14)
  29 merfolk
  5 polar bears
  Grinder (D:3)
  5 trolls
  3 wind drakes
  3 tyrant leeches (Lair:6)
  A harpy skeleton (Abyss:1)
  7 raiju (Abyss:1)
  11 snapping turtles
  15 blink frogs
  2 dream sheep (Shoals:4)
  5 slime creatures
  4 redbacks (Lair:6)
  A vampire (D:15)
  A spriggan (D:12)
  A fire elemental (Elf:3)
  18 wyverns
  13 water elementals
  15 humans (D:14)
  3 fire bats (Abyss:1)
  A wraith (D:15)
  6 ynoxinuls
  4 basilisks
  17 yaks
  3 vampire mosquitoes
  3 chaos spawn (Abyss:1)
  A steam dragon (D:9)
  5 neqoxecs (Abyss:1)
  2 death yak simulacra
  A warg (Orc:1)
  31 nagas
  A soldier ant (D:14)
  5 spatial vortices
  A torturous demonspawn skeleton (WizLab)
  2 acid dragons
  A naga (shapeshifter) (Abyss:1)
  19 water moccasins
  9 ice beasts
  32 orc warriors
  2 sky beasts
  A black bear (D:6)
  A necrophage (D:12)
  A phantom (D:6)
  14 ogres
  7 boggarts
  26 centaurs
  15 wolves
  18 bullfrogs
  2 big kobolds
  2 earth elementals (Elf:1)
  22 small abominations
  5 scorpions
  10 killer bees
  8 wights
  6 howler monkeys
  4 electric eels
  A bullfrog zombie (D:12)
  2 crimson imps (Gauntlet)
  4 draconian simulacra (IceCv)
  34 orc wizards
  A quasit (Abyss:1)
  A bullfrog skeleton (D:12)
  5 jellies
  29 orc priests
  5 hounds
  5 iron imps (Abyss:1)
  3 centaur skeletons
  4 iguanas
  7 worker ants
  4 troll simulacra (IceCv)
  2 spriggan simulacra (IceCv)
  2 wolf simulacra (IceCv)
  7 centaur simulacra
  A worker ant zombie (D:5)
  9 adders
  8 gnolls (D:6)
  3 naga simulacra (IceCv)
  An ogre simulacrum (IceCv)
  2 shadow imps
  15 white imps
  5 ufetubi
  An ooze (D:5)
  An adder skeleton (Abyss:1)
  2 adder zombies
  A worm (D:2)
  2 dart slugs
  2 leopard geckos
  102 orcs
  6 bats
  4 giant cockroaches
  6 goblins
  10 hobgoblins
  12 jackals
  7 quokkas
  4 ball pythons
  8 frilled lizards
  14 kobolds
  A quokka skeleton (D:5)
  A rat (D:1)
  5 starspawn tentacles (Abyss:1)
  4 tentacles (Shoals:1)
1464 creatures vanquished.

Vanquished Creatures (collateral kills)
  An eldritch tentacle (WizLab)
  A vault guard (Abyss:1)
  An anaconda (Abyss:1)
  An unseen horror (Abyss:1)
  An ugly thing (Abyss:1)
  A wolf (Abyss:1)
6 creatures vanquished.

Vanquished Creatures (others)
  A nagaraja (Snake:3)
  A naga warrior (Snake:1)
  A merfolk avatar (Shoals:4)
  A deep elf knight (Elf:2)
  An orange demon (Abyss:1)
  2 humans (Elf:1)
  A small abomination (Abyss:1)
  An orc wizard (Orc:2)
  14 demonic plants (Gauntlet)
  32 fungi
  A lurking horror (Abyss:1)
  69 plants
  20 starspawn tentacles
  7 tentacles (Shoals:1)
152 creatures vanquished.

Grand Total: 1622 creatures vanquished

Notes
Turn   | Place    | Note
-------+----------+-------------------------------------------
     0 | Abyss:1  | heikuro the Formicid Abyssal Knight began the quest for the
                  | Orb.
     0 | Abyss:1  | Reached XP level 1. HP: 18/18 MP: 2/2
    48 | Abyss:1  | Found a corrupted altar of Lugonu.
    66 | Abyss:1  | Noticed a ynoxinul
    68 | D:1      | Escaped the Abyss
   236 | D:1      | Reached skill level 1 in Dodging
   280 | D:1      | Reached XP level 2. HP: 15/24 MP: 3/3
   503 | D:1      | Reached * piety under Lugonu
   685 | D:1      | Reached XP level 3. HP: 29/29 MP: 4/4
  1418 | D:2      | Reached XP level 4. HP: 32/37 MP: 6/6
  1975 | D:2      | Reached skill level 3 in Invocations
  2166 | D:3      | Noticed Grinder
  2393 | D:4      | Noticed an ogre
  2524 | D:4      | Reached XP level 5. HP: 39/42 MP: 7/7
  2566 | D:4      | Reached ** piety under Lugonu
  3168 | D:3      | Killed Grinder
  3168 | D:3      | Reached XP level 6. HP: 25/49 MP: 8/8
  3413 | D:3      | Reached skill level 4 in Invocations
  3751 | D:4      | Killed an ogre
  3751 | D:4      | Reached XP level 7. HP: 50/55 MP: 10/10
  3923 | D:5      | Entered Level 5 of the Dungeon
  4020 | D:5      | Reached skill level 1 in Slings
  4213 | D:5      | Found a staircase to the Ecumenical Temple.
  4242 | Temple   | Entered the Ecumenical Temple
  4574 | D:5      | Reached skill level 5 in Fighting
  4574 | D:5      | Reached skill level 5 in Polearms
  4966 | D:5      | Reached XP level 8. HP: 15/62 MP: 11/11
  5506 | D:5      | Found Baymuon's General Store.
  6884 | D:6      | Found a burning altar of Makhleb.
  7032 | D:6      | Reached skill level 5 in Invocations
  7183 | D:6      | Reached *** piety under Lugonu
  7582 | D:6      | Reached skill level 5 in Armour
  8263 | D:6      | Reached XP level 9. HP: 20/69 MP: 13/13
  8971 | D:7      | Reached skill level 6 in Invocations
  9006 | D:7      | Found a bloodstained altar of Trog.
  9369 | D:7      | Found a snail-covered altar of Cheibriados.
  9634 | D:7      | Found a bloodstained altar of Trog.
  9973 | D:7      | Found a snail-covered altar of Cheibriados.
 10149 | D:8      | Found a sacrificial altar of Ru.
 10190 | D:8      | Reached skill level 1 in Shields
 10853 | D:8      | Reached XP level 10. HP: 33/77 MP: 15/15
 11192 | D:8      | Found Egeim's Gadget Shop.
 11318 | D:9      | Found Hesu Gih's Magic Scroll Shoppe.
 11390 | D:9      | Reached skill level 7 in Invocations
 11537 | D:9      | Noticed Erolcha
 11539 | D:9      | Reached skill level 5 in Slings
 11542 | D:9      | Killed Erolcha
 11611 | D:9      | Noticed Joseph
 11625 | D:9      | Reached **** piety under Lugonu
 11625 | D:9      | Banished Joseph
 11625 | D:9      | Reached skill level 5 in Shields
 11904 | D:9      | Found a staircase to the Lair.
 12061 | D:9      | Found an ancient bone altar of Kikubaaqudgha.
 12061 | D:9      | Found a glowing silver altar of Zin.
 12328 | D:9      | Found an iron altar of Okawaru.
 12433 | D:10     | Entered Level 10 of the Dungeon
 12441 | D:10     | Noticed a two-headed ogre
 12453 | D:10     | Killed a two-headed ogre
 12453 | D:10     | Reached XP level 11. HP: 76/85 MP: 16/16
 12666 | D:10     | Reached skill level 8 in Invocations
 13477 | D:11     | Reached ***** piety under Lugonu
 13495 | D:11     | Noticed a boulder beetle
 13511 | D:11     | Noticed a soul eater
 13515 | D:11     | Banished a boulder beetle
 13624 | D:11     | Reached skill level 10 in Polearms
 14005 | D:11     | Noticed an eight-headed hydra
 14422 | D:10     | Banished an eight-headed hydra
 14878 | D:11     | Found a staircase to the Orcish Mines.
 14967 | D:11     | Reached XP level 12. HP: 94/94 MP: 18/18
 15658 | D:11     | You fall into a shaft and drop 3 floors!
 15658 | D:14     | Noticed a two-headed ogre
 15672 | D:14     | Killed a two-headed ogre
 15672 | D:14     | Reached skill level 9 in Invocations
 15704 | D:14     | Noticed a two-headed ogre
 15707 | D:14     | Noticed a centaur warrior
 15718 | D:14     | Noticed a two-headed ogre
 15957 | D:13     | Noticed a boulder beetle
 15963 | D:13     | Banished a boulder beetle
 15986 | D:13     | Noticed a skeletal warrior
 15990 | D:13     | Noticed a skeletal warrior
 15994 | D:13     | Noticed a skeletal warrior
 15996 | D:13     | Noticed a skeletal warrior
 15999 | D:13     | Banished a skeletal warrior
 16024 | D:13     | Banished a skeletal warrior
 16028 | D:13     | Banished a skeletal warrior
 16035 | D:13     | Banished a skeletal warrior
 16195 | D:13     | Found a frozen archway.
 16204 | IceCv    | Entered an ice cave
 16712 | IceCv    | Reached skill level 10 in Invocations
 17070 | IceCv    | Reached XP level 13. HP: 103/103 MP: 20/20
 17350 | IceCv    | Reached skill level 10 in Fighting
 17552 | IceCv    | Found an ancient bone altar of Kikubaaqudgha.
 17740 | D:12     | Noticed a five-headed hydra
 17747 | D:12     | Banished a five-headed hydra
 17768 | D:12     | Got a faintly humming plate armour
 17791 | D:12     | Identified the +1 plate armour of the Stonemason {MR+
                  | Str+3} (You found it on level 12 of the Dungeon)
 17965 | D:12     | Got a warped chain mail
 17976 | D:12     | Identified the cursed +0 chain mail "Izivyss" {Harm Rampage
                  | *Slow rElec} (You found it on level 12 of the Dungeon)
 17998 | D:12     | You fall into a shaft and drop 3 floors!
 17998 | D:15     | Entered Level 15 of the Dungeon
 18036 | D:15     | Reached skill level 10 in Armour
 18097 | D:15     | Noticed a centaur warrior
 18103 | D:15     | Banished a centaur warrior
 18103 | D:15     | Reached skill level 11 in Invocations
 18145 | D:15     | Noticed a centaur warrior
 18161 | D:15     | Killed a centaur warrior
 18597 | D:13     | Reached ****** piety under Lugonu
 19328 | D:12     | Reached skill level 12 in Invocations
 19883 | D:12     | Reached XP level 14. HP: 58/113 MP: 23/23
 21371 | D:14     | Reached skill level 13 in Invocations
 21772 | D:14     | Found a gate to the Vaults.
 22199 | D:15     | Reached skill level 1 in Evocations
 22567 | D:15     | Found a staircase to the Depths.
 22676 | D:15     | Reached XP level 15. HP: 92/123 MP: 25/25
 23241 | Lair:1   | Entered Level 1 of the Lair of Beasts
 23353 | Lair:1   | Noticed Sonja
 23555 | D:9      | Banished Sonja
 24413 | Lair:2   | Reached skill level 14 in Invocations
 24501 | Lair:2   | Found a staircase to the Shoals.
 25850 | Lair:3   | Noticed Urug
 25867 | Lair:3   | Killed Urug
 26395 | Lair:3   | Found a staircase to the Snake Pit.
 27122 | Lair:4   | Reached skill level 5 in Evocations
 28919 | Lair:5   | Noticed Nessos
 29470 | Lair:4   | Reached XP level 16. HP: 52/133 MP: 27/27
 29754 | Lair:5   | Killed Nessos
 29790 | Lair:4   | Reached skill level 15 in Invocations
 30575 | Lair:5   | Found a staircase to the Slime Pits.
 30735 | Lair:5   | Found a runed translucent door.
 30957 | Lair:5   | Noticed robertstho's ghost (journeyman GnIE)
 31068 | Lair:6   | Entered Level 6 of the Lair of Beasts
 31157 | Lair:6   | Found a gate leading to a gauntlet.
 31203 | Gauntlet | Entered a Gauntlet
 31203 | Gauntlet | Found a transporter.
 31203 | Gauntlet | Found a transporter.
 31225 | Gauntlet | Found a transporter.
 31226 | Gauntlet | Found a transporter.
 31554 | Gauntlet | Found a transporter.
 31562 | Gauntlet | Found a transporter.
 31567 | Gauntlet | Found a transporter.
 31590 | Gauntlet | Found a transporter.
 31599 | Gauntlet | Found a transporter.
 31633 | Gauntlet | Found a transporter.
 31678 | Gauntlet | Found a transporter.
 31699 | Gauntlet | Found a transporter.
 31708 | Gauntlet | Found a transporter.
 31784 | Gauntlet | Found a transporter.
 31795 | Gauntlet | Found a transporter.
 31809 | Gauntlet | Found a transporter.
 32462 | Gauntlet | Identified the +3 ring mail of Beogh's Displeasure {+Blink}
 32751 | Gauntlet | Identified the +1 leather armour of an ice cave {rPois rF-
                  | rC+ rN+} (You found it in a Gauntlet)
 36181 | Lair:6   | Found a runed translucent door.
 36931 | Lair:6   | Noticed timneilson's ghost (journeyman DDFi)
 36934 | Lair:6   | Found a runed translucent gate.
 36935 | Lair:6   | Found a runed translucent gate.
 36935 | Lair:6   | Found a runed translucent gate.
 37544 | Lair:6   | Reached skill level 15 in Fighting
 37926 | Lair:6   | Reached XP level 17. HP: 66/142 MP: 28/28
 38184 | Lair:6   | Reached skill level 16 in Invocations
 39246 | Orc:1    | Entered Level 1 of the Orcish Mines
 40025 | Orc:1    | Reached skill level 15 in Armour
 40881 | Orc:2    | Entered Level 2 of the Orcish Mines
 41425 | Orc:2    | Found a staircase to the Elven Halls.
 42788 | Orc:2    | Found Akhee's Armour Emporium.
 42788 | Orc:2    | Found Itugycve's Distillery.
 42790 | Orc:2    | Found Yttapint's Antique Armour Emporium.
 42790 | Orc:2    | Found Waof's General Store.
 42814 | Orc:2    | Bought a blackened chain mail for 313 gold pieces
 42814 | Orc:2    | Identified the +2 chain mail of Plasticity {+Blink rElec
                  | Dex+4} (You bought it in a shop on level 2 of the Orcish
                  | Mines)
 42815 | Orc:2    | Bought a runed plate armour for 858 gold pieces
 42899 | Elf:1    | Entered Level 1 of the Elven Halls
 43770 | Snake:1  | Entered Level 1 of the Snake Pit
 44998 | Lair:3   | HP: 6/142 [shock serpent (11)]
 45440 | Lair:3   | Reached skill level 10 in Evocations
 46569 | Snake:1  | Reached XP level 18. HP: 89/151 MP: 30/30
 47774 | Snake:2  | Reached skill level 10 in Shields
 50002 | Snake:3  | Noticed Vashnia
 50065 | Snake:3  | Killed Vashnia
 50065 | Snake:3  | Reached skill level 17 in Invocations
 51098 | Snake:3  | Noticed Jorgrun
 51120 | Snake:3  | Killed Jorgrun
 52174 | Snake:4  | Entered Level 4 of the Snake Pit
 52204 | Snake:4  | Found a gateway to a bazaar.
 52250 | Bazaar   | Entered a bazaar
 52250 | Bazaar   | Found Uciozil's Antique Armour Shoppe.
 52250 | Bazaar   | Found Fycsusempi's Weapon Emporium.
 52250 | Bazaar   | Found Linteg's Antique Armour Emporium.
 52250 | Bazaar   | Found Kit Sorph's Antique Weapon Shoppe.
 52351 | Bazaar   | Bought a dazzling plate armour for 756 gold pieces
 52351 | Bazaar   | Identified the +3 plate armour of Charity {-Cast rElec
                  | Dex+6} (You bought it in a shop in a bazaar)
 52352 | Bazaar   | Bought a masterwork plate armour for 756 gold pieces
 52352 | Bazaar   | Identified the +4 plate armour of Qaicoarch {*Drain rN+++
                  | Regen+ Stlth+} (You bought it in a shop in a bazaar)
 52439 | Snake:4  | Noticed Bai Suzhen
 52501 | Snake:3  | Killed Bai Suzhen
 52501 | Snake:3  | Reached XP level 19. HP: 20/157 MP: 31/31
 53483 | Snake:4  | Found an opulent altar of Gozag.
 57483 | Snake:4  | Got a serpentine rune of Zot
 57684 | Shoals:1 | Entered Level 1 of the Shoals
 58265 | Shoals:1 | Reached XP level 20. HP: 166/166 MP: 32/32
 58490 | Shoals:1 | Reached skill level 15 in Polearms
 58744 | Shoals:2 | Found a runed translucent gate.
 58744 | Shoals:2 | Found a runed translucent gate.
 58744 | Shoals:2 | Found a runed translucent gate.
 58767 | Shoals:2 | Noticed archon2's ghost (adept DEFE)
 58936 | Lair:5   | Killed robertstho's ghost
 59065 | Lair:6   | Killed timneilson's ghost
 61245 | Shoals:3 | Found Tahowot's Magic Scroll Emporium.
 61382 | Shoals:3 | Noticed Ilsuiw
 61397 | Shoals:3 | Killed Ilsuiw
 61413 | Shoals:3 | Identified Roxanne's Handbook of Transmutation
 61413 | Shoals:3 | Noticed Roxanne
 61474 | Shoals:3 | Reached skill level 18 in Invocations
 61579 | Shoals:3 | Killed Roxanne
 61885 | Shoals:4 | Entered Level 4 of the Shoals
 63297 | Shoals:4 | Escaped the Abyss
 63315 | Shoals:4 | HP: 8/167 [wind drake/the air (27)]
 63316 | Shoals:4 | HP: 3/167 [wind drake/the air (27)]
 63562 | Shoals:4 | Reached XP level 21. HP: 96/174 MP: 34/34
 64817 | Shoals:4 | Got a barnacled rune of Zot
 65528 | Vaults:1 | Entered Level 1 of the Vaults
 66156 | Elf:1    | Identified a scroll of acquirement
 66159 | Elf:1    | Acquired the +4 demon trident of Welfare {flame, *Slow
                  | rPois Dex+9}
 66322 | Elf:1    | Identified the +8 bardiche of Vodka {holy, Dex+6}
 66365 | Elf:1    | Reached skill level 15 in Shields
 66633 | Elf:1    | Noticed Kirke
 66639 | Elf:1    | Killed Kirke
 66814 | Elf:1    | You fall into a shaft and drop 1 floor!
 67075 | Elf:1    | Identified the Almanac of Supportive Conjuration
 67430 | Elf:2    | Noticed Donald
 67438 | Elf:2    | Killed Donald
 67710 | Elf:2    | Found a shimmering blue altar of Sif Muna.
 67875 | Elf:2    | Found a runed translucent gate.
 67877 | Elf:2    | Found a runed translucent gate.
 67881 | Elf:2    | Found a runed translucent gate.
 68119 | Elf:3    | Entered Level 3 of the Elven Halls
 68158 | Elf:3    | Found a magical portal.
 68164 | WizLab   | Entered The Roulette of Golubria
 68164 | WizLab   | Found a transporter.
 68169 | WizLab   | Found a corrupted altar of Lugonu.
 68191 | WizLab   | Found a transporter.
 68224 | WizLab   | Found a corrupted altar of Lugonu.
 68242 | WizLab   | Reached XP level 22. HP: 106/182 MP: 35/35
 68432 | WizLab   | Found a transporter.
 68457 | WizLab   | Found a transporter.
 68584 | WizLab   | Found a transporter.
 68585 | WizLab   | Found a transporter.
 68653 | WizLab   | Found a transporter.
 68676 | WizLab   | Found a transporter.
 68684 | WizLab   | Found a transporter.
 68749 | WizLab   | Found a transporter.
 68812 | WizLab   | Found a transporter.
 68812 | WizLab   | Found a transporter.
 68845 | WizLab   | Found a transporter.
 68845 | WizLab   | Found a transporter.
 69069 | Abyss:1  | Gained mutation: Your magical capacity is low. (-10% MP) [a
                  | neqoxec]
 69418 | Abyss:1  | Killed Sonja
 69868 | WizLab   | Escaped the Abyss
 70121 | WizLab   | Found a transporter.
 70121 | WizLab   | Found a transporter.
 70143 | WizLab   | Found a transporter.
 70219 | WizLab   | Found a transporter.
 70219 | WizLab   | Found a transporter.
 70238 | WizLab   | Identified Golubria's Volume of Orientation
 70530 | Elf:3    | Reached skill level 19 in Invocations
 70856 | Elf:3    | Acquired 505 gold pieces
 71005 | Abyss:1  | Found a corrupted altar of Lugonu.
 71162 | Abyss:1  | Acquired the +18 shield of the Gong {rElec rN+ MR+ EV-5}
 71163 | Abyss:1  | Found the +18 shield of the Gong {rElec rN+ MR+ EV-5}
 71490 | Abyss:1  | Noticed a bone dragon
 71512 | Abyss:1  | Killed a bone dragon
 71512 | Abyss:1  | Gained mutation: Armour fits poorly on your strangely
                  | shaped body. [a neqoxec]
 71512 | Abyss:1  | Gained mutation: You are weak. (Str -2) [a neqoxec]
 71562 | Abyss:1  | Killed Joseph
 71576 | Abyss:1  | Reached XP level 23. HP: 24/190 MP: 32/32
 71589 | Abyss:1  | HP: 8/190 [starcursed mass/accursed screaming (6)]
 71590 | Abyss:1  | HP: 2/190 [starcursed mass/accursed screaming (6)]
 71591 | Elf:3    | Escaped the Abyss
 71592 | Elf:3    | Slain by a rust devil

Illustrated notes

Levels and vault maps discovered:
D:1:      tarquinn_simple_flora_water_f, layout_basic
D:2:      minmay_wonky_spiral, layout_basic
D:3:      layout_basic, serial_glass, glass_columns_b, glass_columns_b,
          glass_columns_a, glass_columns_c, glass_columns_a, glass_columns_c,
          uniq_grinder
D:4:      layout_basic
D:5:      layout_layer_cave, temple_fountains, serial_shops, shop_statue
D:6:      layout_loops_ring, lemuel_doored_altar, kennysheep_boxes
D:7:      layout_loops_ring, nicolae_overflow_crystal_walls,
          overflow_temple_1_default
D:8:      layout_loops_cross, nicolae_ru_great_annihilating_truth, serial_shops,
          shop
D:9:      layout_loops_ring, lemuel_coloured_pillars_altar,
          gammafunk_temple_overflow_statue, serial_shops, shop_statue,
          uniq_joseph, uniq_erolcha
D:10:     layout_long_grid, grunt_ogre_cave
D:11:     layout_long_grid, orc_0_dummy, water_maze_lemuel
D:12:     layout_irregular_city, the_bakery
D:13:     layout_stronghold, portal_ice_cave_rime, minmay_misc_feat_rows
D:14:     layout_big_octagon, grunt_vaults_entry_tiered, nicolae_sextant,
          serial_column_ruins, column_ruins_hut_water,
          column_ruins_square_medium, column_ruins_grid_3,
          column_ruins_open_medium, column_ruins_corridor_plus,
          column_ruins_grid_1
D:15:     grunt_enter_depths_magical_seal, layout_cave_pods,
          nicolae_lava_and_water
Temple:   regret_index_temple_waves
Lair:1:   layout_regular_city, eino_small_chamber_without_monster,
          lemuel_fruit_tree, grunt_megastairs_1, lemuel_fruit_fields,
          serial_bayou_shore_a, uniq_sonja
Lair:2:   layout_loops_ring, elwin_shoals_entry_stream, grunt_megastairs_4
Lair:3:   layout_small_grid, dummy_snake_entry, bh_autumn_forest_stairs,
          minivault_11, nzn_random_ring, grunt_megastairs_2, uniq_urug
Lair:4:   layout_roguey, lemuel_fruit_fields, grunt_megastairs_3
Lair:5:   layout_roguey, dpeg_slime_entry_corner, ebering_ghost_reflecting_pool,
          uniq_nessos
Lair:6:   hangedman_lair_tendril_chambers, layout_big_grid, wormcave,
          gauntlet_entry_generic, gammafunk_ghost_split, serial_bayou_pond_c
Shoals:1: layout_shoals, yaktaur_hedge
Shoals:2: layout_shoals, gammafunk_ghost_tricky_traps
Shoals:3: layout_shoals, serial_shops, shop, centaur_isle, uniq_ilsuiw,
          uniq_roxanne
Shoals:4: shoals_end_grunt_ice, layout_shoals, shoals_ilsuiw_alternative
Snake:1:  layout_onion
Snake:2:  layout_grid_maze, st_stairs_7
Snake:3:  layout_layer_cave, serial_bayou_shore_b, uniq_jorgrun, uniq_vashnia
Snake:4:  snake_pit_salamanders_mu, layout_cave_town, serial_shops, statue_bzr,
          basic_altar, uniq_bai_suzhen
Orc:1:    layout_diamond_mine
Orc:2:    grunt_orc_tribal_feast, layout_diamond_mine
Elf:1:    elf_arrival_001, layout_loops_cross, minmay_elf_sorcery,
          columned_hall_lemuel, uniq_kirke
Elf:2:    layout_geoelf_diagonals, basic_altar, sword_in_stone, uniq_asterion
Elf:3:    grunt_elf_hall_asides, layout_rooms, infiniplex_enter_wizlab_spiral,
          serial_sigils_hangedman_scar
Vaults:1: gammafunk_vaults_ghost_spectres, vaults_dpeg_spiral,
          nicolae_vaults_diagonal_hallway_8, ontoclasm_vaults_gallery,
          v_misc_24, hangedman_vaults_slither, nicolae_vaults_asterisk,
          v_misc_32, nicolae_vaults_ring_of_whatevers,
          nicolae_vaults_three_branches, vaults_dpeg_encased_lava,
          hangedman_vaults_unwind, hangedman_vaults_slice,
          ontoclasm_vaults_twist, hangedman_vaults_cutoff,
          nicolae_vaults_little_squares_2, grunt_vaults_focal,
          nicolae_vaults_angled_halls, layout_vaults_maze_bifur, serial_shops,
          shop

Skill      XL: |  1  2  3  4  5  6  7  8  9 10 11 12 13 14 15 16 17 18 19 20 21 22 |
---------------+-------------------------------------------------------------------+-----
Dodging        | 1 |  1.0
Polearms       | 3 4 5 6 7 9 10 11 12 13 14 15 16 17 | 17.8
Invocations    | 3 4 5 6 7 8 10 12 13 14 15 16 17 18 19 | 19.2
Armour         | 3 4 5 6 7 8 9 11 12 13 14 15 16 17 | 17.9
Fighting       | 4 5 6 7 8 9 11 13 14 15 16 17 18 | 18.0
Slings         | 2 3 4 5 |  5.0
Shields        | 2 6 8 9 11 12 14 15 | 15.0
Evocations     | 1 6 8 10 11 12 13 14 | 14.0

Action                   |  1- 3 |  4- 6 |  7- 9 | 10-12 | 13-15 | 16-18 | 19-21 | 22-24 || total
-------------------------+-------+-------+-------+-------+-------+-------+-------+-------++-------
Melee: Spear             |   125 |   168 |   367 |       |       |       |       |       ||   660
       Dagger            |       |       |    28 |       |    17 |       |       |       ||    45
       Trident           |       |       |   134 |   557 |  1292 |  1730 |    76 |       ||  3789
       Glaive            |       |       |       |       |       |   668 |  1590 |       ||  2258
       Bardiche          |       |       |       |       |       |       |   201 |   546 ||   747
       Demon trident     |       |       |       |       |       |       |    42 |       ||    42
 Fire: Fustibalus        |       |       |       |       |       |       |     6 |       ||     6
Throw: Boomerang         |       |     1 |    13 |       |       |    19 |       |       ||    33
       Dart              |       |       |       |    20 |     7 |       |       |       ||    27
       Javelin           |       |       |       |       |       |       |    14 |       ||    14
Invok: Depart the Abyss  |     1 |       |       |       |       |       |     1 |     2 ||     4
       Bend Space        |       |       |     3 |     5 |       |     1 |    14 |     3 ||    26
       Banish            |       |       |       |     2 |       |     1 |     1 |       ||     4
       Enter the Abyss   |       |       |       |       |       |       |     1 |     2 ||     3
 Abil: Dig               |       |       |     5 |     9 |    10 |    41 |     4 |       ||    69
       Shaft Self        |       |       |       |     1 |       |       |       |       ||     1
       Evoke Flight      |       |       |       |       |       |       |    20 |       ||    20
Evoke: Wand              |       |       |       |       |       |     2 |     4 |     1 ||     7
       Box of beasts     |       |       |       |       |       |       |     2 |     2 ||     4
       Condenser vane    |       |       |       |       |       |       |       |     1 ||     1
  Use: Scroll            |       |     9 |     5 |    15 |     6 |     6 |     7 |     3 ||    51
       Potion            |       |     2 |     3 |     1 |       |     1 |     5 |     2 ||    14
 Stab: Distracted        |       |       |     1 |     1 |       |       |     1 |     1 ||     4
       Invisible         |       |       |     1 |       |       |       |     1 |       ||     2
       Paralysed         |       |       |     2 |       |       |       |       |       ||     2
Armor: Leather armour    |    13 |       |       |       |       |       |       |       ||    13
       Scale mail        |    25 |    35 |    32 |       |       |       |       |       ||    92
       Chain mail        |       |       |    79 |       |       |       |       |       ||    79
       Plate armour      |       |       |     4 |   126 |   390 |   631 |   585 |   191 ||  1927
       Storm dragon scal |       |       |       |       |       |       |     2 |       ||     2
Dodge: Dodged            |    54 |    50 |   137 |    61 |   200 |   341 |   302 |    89 ||  1234
Block: Other             |       |     3 |    59 |       |       |       |       |       ||    62
       Reflection        |       |     1 |     6 |    38 |    60 |   140 |   201 |    19 ||   465
       Kite shield       |       |       |    24 |   281 |   831 |  1177 |       |   233 ||  2546
       Tower shield      |       |       |       |       |       |   599 |  2046 |   398 ||  3043

Table legend: (Time is in decaauts)
 A = Elapsed time spent in this place.
 B = Non-inter-level travel time spent in this place.
 C = Inter-level travel time spent in this place.
 D = Time resting spent in this place.
 E = Time spent auto-exploring this place.
 F = Levels seen in this place.
 G = Mean time per level.
                   A        B        C        D        E       F      G
               +--------+--------+--------+--------+--------+-----+--------+
         Total |  71098 |  68223 |   2875 |  29664 |  20824 |  44 | 1615.9 |
       Dungeon |  21872 |  20669 |   1203 |   7287 |   8835 |  15 | 1458.1 |
        Temple |    252 |    214 |     38 |      0 |    214 |   1 |  252.0 |
          Lair |  15963 |  15041 |    922 |   7982 |   4151 |   6 | 2660.5 |
        Shoals |   7339 |   7076 |    263 |   2509 |   2296 |   4 | 1834.8 |
     Snake Pit |  12062 |  11859 |    203 |   6670 |   2140 |   4 | 3015.5 |
  Orcish Mines |   4073 |   3912 |    161 |   2044 |    586 |   2 | 2036.5 |
   Elven Halls |   3286 |   3203 |     83 |   1051 |   1000 |   3 | 1095.3 |
        Vaults |      1 |      1 |      0 |      0 |      0 |   1 |    1.0 |
         Abyss |   2051 |   2051 |      0 |    753 |    351 |   4 |  512.8 |
        Bazaar |    128 |    128 |      0 |     66 |     18 |   1 |  128.0 |
      Ice Cave |   1443 |   1443 |      0 |    877 |    171 |   1 | 1443.0 |
        Wizlab |   1099 |   1099 |      0 |    102 |    372 |   1 | 1099.0 |
      Gauntlet |   1524 |   1524 |      0 |    321 |    690 |   1 | 1524.0 |
               +--------+--------+--------+--------+--------+-----+--------+

Top non-repeatable levels by time:
 Snake:4: 4829 daAuts
  Lair:5: 4003 daAuts
  Lair:3: 3791 daAuts
  Lair:6: 3645 daAuts
 Snake:3: 3351 daAuts
 Snake:2: 2596 daAuts
Shoals:3: 2469 daAuts
     D:5: 2337 daAuts
  Lair:4: 2310 daAuts
     D:6: 2162 daAuts
Shoals:4: 2139 daAuts
   Orc:1: 2078 daAuts
 Abyss:1: 2051 daAuts
   Orc:2: 1994 daAuts
    D:11: 1873 daAuts
